 Dungeon Crawl Stone Soup version 0.28.0-53-g5a82cb258f (webtiles) character file.

Game seed: 7119026902675855649

198 purpskrrrp the Sneak (level 5, 0/45 HPs)
             Began as a Demigod Delver on June 21, 2022.
             Slain by an ogre
             ... wielding a +0 giant spiked club
              (29 damage)
             ... on level 3 of the Dungeon.
             The game lasted 00:05:07 (1457 turns).

purpskrrrp the Sneak (Demigod Delver)               Turns: 1457, Time: 00:05:07

Health: 0/45       AC:  7    Str: 13    XL:     5   Next: 23%
Magic:  7/7        EV: 10    Int: 12    God:
Gold:   17         SH:  0    Dex: 19    Spells: 4/4 levels left

rFire   . . .      SeeInvis .   a - +0 mace
rCold   . . .      Faith    .   (no shield)
rNeg    . . .      Spirit   .   i - +0 scale mail
rPois   .          Reflect  .   r - +0 helmet
rElec   .          Harm     .   (no cloak)
rCorr   .          Rampage  .   (no gloves)
Will    .....                   (no boots)
Stlth   ++........              (no amulet)
HPRegen 0.15/turn               (no ring)
MPRegen 0.10/turn               (no ring)

@: no status effects
A: high MP 1, forlorn, divine attributes
a: no special abilities


You were on level 3 of the Dungeon.
You visited 1 branch of the dungeon, and saw 3 of its levels.

You collected 17 gold pieces.

Inventory:

Hand Weapons
 a - a +0 mace (weapon)
Missiles
 q - 21 bolts
Armour
 b - a +0 leather armour
 i - a +0 scale mail (worn)
 r - a +0 helmet (worn)
Wands
 g - a wand of digging (3)
 o - a wand of paralysis (13)
Scrolls
 c - a scroll of fog
 d - a scroll of magic mapping
 e - a scroll of fear
 j - a scroll of blinking {unknown}
 l - a scroll of enchant weapon {unknown}
 m - a scroll of enchant armour {unknown}
 p - a scroll of identify {unknown}
 s - a scroll of amnesia {unknown}
Potions
 f - 2 potions of haste
 k - a potion of curing {unknown}
 n - a potion of mutation {unknown}


   Skills:
 + Level 3.4 Fighting
 + Level 2.3 Maces & Flails
 + Level 1.1 Armour
 + Level 2.1 Dodging
 + Level 6.0 Stealth
 + Level 0.1 Evocations


You had 4 spell levels left.
You didn't know any spells.
Your spell library contained the following spells:

 Spells                   Type           Power      Damage    Failure   Level
 Magic Dart               Conj           0%         1d3       85%         1
 Searing Ray              Conj           0%         2d4       94%         2
 Dazzling Flash           Conj/Hex       0%         N/A       99%         3
 Fulminant Prism          Conj/Hex       0%         3d6       100%        4
 Agony                    Necr           0%         N/A       100%        5
 Silence                  Hex/Air        0%         N/A       100%        5


Dungeon Overview and Level Annotations

Branches:
Dungeon (5/15)
 Temple: D:4-7


Innate Abilities, Weirdness & Mutations

You have an increased reservoir of magic. (+10% MP)
You shall have no god before yourself.
Your divine heritage dramatically boosts your attributes as you level up.


Message History

Press: ? - help, Q - select action, (/) - cycle Shift-Dir - straight line, f - rat
Aim: a rat (wandering, hasn't noticed you, 71% to hit)
The bolt of acid misses the quokka.
The bolt of acid hits the ogre!
The acid corrodes the ogre!
The ogre is heavily wounded.
The bolt of acid hits the rat!
The acid corrodes the rat!
You kill the rat!
The quokka closely misses you.
Aiming: Corrosive Bolt
Press: ? - help, Q - select action, (/) - cycle Shift-Dir - straight line, f - endoplasm
Aim: an endoplasm (98% to hit)
The bolt of acid hits the quokka!
You kill the quokka!
The bolt of acid misses the ogre.
The bolt of acid hits the endoplasm.
The endoplasm completely resists.
The now-empty wand crumbles to dust.
You hit the ogre.
The ogre is heavily wounded.
The ogre hits you with a +0 giant spiked club!
You hit the ogre but do no damage.
The ogre is heavily wounded.
The ogre barely misses you.
You hit the ogre but do no damage.
The ogre is heavily wounded.
The ogre hits you with a +0 giant spiked club.
You thump the ogre!
The ogre is almost dead.
The ogre barely misses you.
You completely miss the ogre.
The ogre is almost dead.
The ogre completely misses you.
You barely miss the ogre.
The ogre is almost dead.
The ogre barely misses you.
You hit the ogre but do no damage.
The ogre is almost dead.
The ogre hits you with a +0 giant spiked club!!
Ouch! That really hurt!
You die...

### ..#
#.# #.#
#@# #O#
#....J.#
#.O....#
#....#.#
.....†
.#
.......
.#
...#...
..
....#.#.
#.


You could see an ogre (corroded) and an endoplasm.

Vanquished Creatures
  A steam dragon (D:4)
  A hound (D:4)
  2 adders (D:4)
  An adder skeleton (D:4)
  A dart slug (D:4)
  An orc (D:5)
  A ball python (D:4)
  2 endoplasms (D:4)
  A goblin (D:4)
  A hobgoblin (D:4)
  2 jackals (D:4)
  A kobold (D:4)
  A quokka (D:3)
  A rat (D:3)
17 creatures vanquished.

Notes
Turn   | Place    | Note
-------+----------+-------------------------------------------
     0 | D:5      | purpskrrrp the Demigod Delver began the quest for the Orb.
     0 | D:5      | Reached XP level 1. HP: 18/18 MP: 3/3
    86 | D:5      | Noticed a phantom
   124 | D:4      | Reached XP level 2. HP: 16/26 MP: 4/4
   337 | D:4      | Reached skill level 5 in Stealth
   337 | D:4      | Reached XP level 3. HP: 15/31 MP: 5/5
   580 | D:4      | Noticed a steam dragon
   587 | D:4      | Killed a steam dragon
   588 | D:4      | Reached skill level 1 in Armour
   588 | D:4      | Reached skill level 6 in Stealth
   588 | D:4      | Reached XP level 4. HP: 6/38 MP: 6/6
   588 | D:4      | Reached XP level 5. HP: 7/45 MP: 7/7
  1444 | D:3      | Noticed an ogre
  1457 | D:3      | Slain by an ogre

Illustrated notes

Levels and vault maps discovered:
D:3:      layout_loops_cross, chequers_ecumenical_altar_lobes,
          minmay_misc_feat_enclosed
D:4:      layout_loops_ring, fedhas_altar_2, roderic_filled_cross
D:5:      layout_loops_ring, lemuel_temple_firewalk_b, uniq_duvessa

Skill      XL: |  1  2  3 |
---------------+----------+-----
Fighting       | 3 |  3.4
Maces & Flails | 2 |  2.3
Stealth        | 5 6 |  6.0
Armour         | 1 |  1.1
Dodging        | 2 |  2.1
Evocations     | |  0.1

Action                   |  1- 3 |  4- 6 || total
-------------------------+-------+-------++-------
Melee: Mace              |    32 |    40 ||    72
       Punch             |     1 |     1 ||     2
Evoke: Wand              |     4 |     2 ||     6
 Stab: Sleeping          |       |     2 ||     2
Armor: Scale mail        |    15 |    17 ||    32
Dodge: Dodged            |    23 |    26 ||    49
